 Dungeon Crawl Stone Soup version 0.31.0-11-ge490571c62 (webtiles) character file.

Game seed: 3132615491220925867

44 howech the Sneak (level 3, -2/25 HPs)
             Began as an Octopode Brigand on Feb 4, 2024.
             Slain by Terence
             ... wielding a +0 flail
              (8 damage)
             ... on level 2 of the Dungeon on Feb 5, 2024.
             The game lasted 00:05:31 (1339 turns).

howech the Sneak (Octopode Brigand)                 Turns: 1339, Time: 00:05:32

Health: -2/25      AC:  1    Str: 10    XL:     3   Next: 62%
Magic:  3/3        EV: 13    Int: 13    God:
Gold:   98         SH:  0    Dex: 21    Spells: 2/2 levels left

rFire   . . .        a - +2 dagger (heavy)
rCold   . . .        (no shield)
rNeg    . . .        (helmet restricted)
rPois   .            (no amulet)
rElec   .            h - +6 ring of dexterity
rCorr   .            (no ring)
SInv    .            (no ring)
Will    .....        (no ring)
Stlth   +++++        (no ring)
HPRegen 0.24/turn    (no ring)
MPRegen 0.08/turn    (no ring)
                     (no ring)

%: no passive effects
@: no status effects
A: almost no armour, amphibious, 8 rings, camouflage 1, gelatinous body 1,
(nimble swimmer 1), tentacles
a: no special abilities


You were on level 2 of the Dungeon.
You visited 1 branch of the dungeon, and saw 2 of its levels.

You collected 98 gold pieces.

Inventory:

Hand Weapons
 a - a +2 heavy dagger (weapon)
 b - a +0 dagger
Missiles
 c - 3 curare-tipped darts
 d - 12 poisoned darts (quivered)
Jewellery
 h - a +6 ring of dexterity (left tentacle)
Scrolls
 e - a scroll of silence {unknown}
Potions
 f - a potion of invisibility {unknown}
 g - a potion of ambrosia {unknown}
 i - a potion of enlightenment {unknown}
 j - a potion of curing {unknown}


   Skills:
 + Level 2.3 Fighting
 + Level 2.3 Short Blades
 + Level 2.3 Throwing
 + Level 1.3 Dodging
 * Level 5.9 Stealth
 + Level 0.9 Shapeshifting


You had 2 spell levels left.
You didn't know any spells.
Your spell library contained the following spells:

 Spells                   Type           Power      Damage    Failure   Level
 Lesser Beckoning         Tloc           0%         N/A       43%         2
 Gell's Gravitas          Tloc           0%         N/A       67%         3
 Teleport Other           Tloc           0%         N/A       67%         3


Dungeon Overview and Level Annotations

Branches:
Dungeon (2/15)

Altars:

Annotations:
D:2 Sigmund, Terence


Innate Abilities, Weirdness & Mutations

You cannot wear most types of armour.
You are amphibious.
You can wear up to eight rings at the same time.
Your skin changes colour to match your surroundings (Stealth+).
Your rubbery body absorbs attacks. (AC +1, EV +1)
((You are camouflaged when in or above water. (Stealth+)))
You have tentacles for arms and can constrict up to eight enemies at once.


Message History

The dart slug bites you but does no damage.
You hit the dart slug. You grab the dart slug. You squeeze the dart slug.
You kill the dart slug!
A kobold comes into view. It is wielding a +0 club.
The kobold shouts!
You completely miss the kobold. You grab the kobold. You constrict the kobold.
The kobold hits you with a +0 club.
You hit the kobold.
You kill the kobold!
A ball python comes into view.
You see here a yellow potion.
j - a yellow potion
Things that are here:
a +0 club; a kobold corpse Terence the Incautious comes into view.
He is wielding a +0 flail.
Things that are here:
a +0 club; a kobold corpse Terence shouts!
The ball python hisses angrily.
Terence screams, "I want your blood!"
You hit the ball python.
You kill the ball python!
You hit Terence. You grab Terence.
Terence is lightly wounded.
You constrict Terence, but do no damage.
Terence hits you with a +0 flail.
You hit Terence. You squeeze Terence, but do no damage.
Terence is moderately wounded.
You constrict Terence. Terence hits you with a +0 flail.
You hit Terence but do no damage. You squeeze Terence, but do no damage.
Terence is moderately wounded.
You constrict Terence. Terence hits you with a +0 flail!
* * * LOW HITPOINT WARNING * * *
Terence closely misses you.
You hit Terence.
Terence is severely wounded.
You constrict Terence, but do no damage.
Terence hits you with a +0 flail!
You die...
Terence says, "Time to find some more victims."

♣.♣..## #....## ♣
#.#...#
#.#.##.#@#)######
#...............#
##.#.#S#..#.###....
#.....#.....# #
##.#..###...##
#......@@..##
#..##...#.#########
#.............###
#.#.#............
#.....##.##.#.###
#.#.#.##.# #
#.#.......
#†###.##### #># #.#


You could see Terence.

Vanquished Creatures
  An adder (D:2)
  2 dart slugs (D:2)
  An endoplasm (D:1)
  A giant cockroach (D:2)
  5 hobgoblins
  2 quokkas (D:2)
  3 ball pythons
  2 bats (D:1)
  A frilled lizard (D:2)
  3 goblins (D:1)
  6 kobolds
  3 rats
30 creatures vanquished.

Notes
Turn   | Place    | Note
-------+----------+-------------------------------------------
     0 | D:1      | howech the Octopode Brigand began the quest for the Orb.
     0 | D:1      | Reached XP level 1. HP: 14/14 MP: 1/1
   225 | D:1      | Reached XP level 2. HP: 9/19 MP: 2/2
   875 | D:2      | Reached XP level 3. HP: 24/24 MP: 3/3
  1106 | D:2      | Noticed Sigmund
  1323 | D:2      | Noticed Terence
  1339 | D:2      | Slain by Terence

Illustrated notes

Levels and vault maps discovered:
D:1:      dpeg_arrival_snail, layout_basic, serial_park_tiny_pond
D:2:      layout_loops_ring, serial_forest, infiniplex_forest_clump_curved,
          infiniplex_forest_lined_2, infiniplex_forest_lined_corner,
          infiniplex_forest_straight_4, infiniplex_forest_lined_corner,
          infiniplex_forest_lined_2, uniq_terence, uniq_sigmund

Action                     || total
---------------------------++-------
  Melee: Dagger            ||    61
         Constrict         ||    16
         Tentacles         ||    14
         Punch             ||     1
    Use: Scroll            ||     3
   Stab: Sleeping          ||     6
 Armour: Skin              ||    25
  Dodge: Dodged            ||    33
